 Dungeon Crawl Stone Soup version 0.17-a0-1951-g62301d3 (webtiles) character file.

1711 Kuldar the Ducker (level 8, -6/87 HPs)
             Began as a Troll Berserker on Oct 3, 2015.
             Was a Priest of Trog.
             Mangled by a skeletal warrior
             ... wielding a +0 short sword
              (16 damage)
             ... on level 7 of the Dungeon.
             The game lasted 00:10:54 (4864 turns).

Kuldar the Ducker (Troll Berserker)                 Turns: 4864, Time: 00:10:54

Health: -6/87      AC:  7    Str: 28    XL:     8   Next: 74%
Magic:  7/7        EV: 12    Int:  3    God:    Trog [***...]
Gold:   357        SH:  0    Dex:  9    Spells: 0 memorised, 7 levels left

rFire  . . .     SeeInvis .       - Unarmed
rCold  . . .     Clarity  .     w - +1 robe {Archmagi}
rNeg   . . .     SustAt   .     (no shield)
rPois  .         Gourm    +     (helmet restricted)
rElec  .         Spirit   .     n - +0 cloak
rCorr  .         Warding  .     (gloves unavailable)
rMut   .         Stasis   .     (boots unavailable)
MR     .....                    (no amulet)
Stlth  +.........               (no ring)
                                (no ring)

@: not resistant to hostile enchantments, very unstealthy
A: unfitting armour, claws 3, fast metabolism 3, gourmand, regeneration 2,
shaggy fur 1, tough skin 2
a: Burn Spellbooks, Berserk, Trog's Hand, Renounce Religion


You were on level 7 of the Dungeon.
You worshipped Trog.
Trog was most pleased with you.
You were full.

You visited 1 branch of the dungeon, and saw 7 of its levels.

You collected 357 gold pieces.

Inventory:

Missiles
 k - 2 throwing nets (quivered)
Armour
 n - a +0 cloak (worn)
 w - a +1 robe of the Archmagi (worn)
Jewellery
 z - an uncursed ring of magical power {unknown}
 A - an uncursed ring of flight {unknown}
Magical devices
 x - a wand of heal wounds (5)
 B - a wand of paralysis (12)
 C - a wand of paralysis (11)
Scrolls
 a - a scroll of enchant armour {unknown}
 e - a scroll of magic mapping {unknown}
 g - 3 scrolls of identify {unknown}
 j - 2 scrolls of amnesia {unknown}
 m - 2 scrolls of fear {unknown}
 p - a scroll of random uselessness {unknown}
 s - 3 scrolls of remove curse {unknown}
 v - 2 scrolls of teleportation {unknown}
 F - 2 scrolls of immolation {unknown}
 H - a scroll of blinking {unknown}
Potions
 c - a potion of cure mutation {unknown}
 d - a potion of invisibility {unknown}
 f - 3 potions of curing {unknown}
 i - 2 potions of haste {unknown}
 o - a potion of might {unknown}
 r - 3 potions of poison {unknown}
 t - 3 potions of agility {unknown}
 D - a potion of resistance {unknown}
 E - a potion of heal wounds {unknown}
 G - a potion of degeneration {unknown}
 I - a potion of ambrosia {unknown}
Books
 y - a book of Necromancy

   Spells                             Type                      Level
   a - Pain                           Necromancy                   1
   b - Animate Skeleton               Necromancy                   1
   c - Vampiric Draining              Necromancy                   3
   d - Regeneration                   Charms/Necromancy            3
   e - Animate Dead                   Necromancy                   4
   f - Control Undead                 Necromancy                   4
   Trog disapproves of the use of such an item.
Comestibles
 b - 7 bread rations
 h - a meat ration
 l - a slice of pizza
 q - 3 fruits
 u - a beef jerky


   Skills:
 * Level 7.0 Fighting
 * Level 7.2 Dodging
 - Level 3.0 Unarmed Combat


You had 7 spell levels left.
You didn't know any spells.

Dungeon Overview and Level Annotations

Branches:
Dungeon (7/15)             Temple (0/1) D:5

Altars:
Okawaru
Vehumet

Shops:
D:5 :


Innate Abilities, Weirdness & Mutations

You are too large for most types of armour.
You have claws for hands.
Your metabolism is lightning-fast.
You like to eat raw meat.
You heal very quickly.
You are covered in fur (AC +1).
You have very tough skin (AC +2).


Message History

There is an open door here.
The skeletal warrior completely misses your ogre.
The skeletal warrior hits your ogre with a long sword!!
You hear a shout!
You hear a shout!
The skeletal warrior barely misses you.
The skeletal warrior closely misses you.
You feel the effects of Trog's Hand fading.
The skeletal warrior closely misses you.
The skeletal warrior hits you from afar with a halberd!!
You open the door.
The skeletal warrior hits you with a short sword!
* * * LOW HITPOINT WARNING * * *
The skeletal warrior hits you with a broad axe!
* * * LOW HITPOINT WARNING * * *
The skeletal warrior closely misses you.
Your skin stops crawling.
You feel less resistant to hostile enchantments.
The skeletal warrior hits you with a short sword!
You die...

.....# ##.....##....'.... ..<..#
####'####....##... .....#
#............##... .....#
#.................
.....############.....###+####...
..........#....##.z...# #...
..........'....##.....## #...
..........#.....#zz....# #...
#####.....#.....@z.....# .....
#...(.#....##......+ ......
#.....##'####.....## ###...
#.....#....##.....#
#.....#....##.....#
#.....'....+.......#
#...[.#....#.......# .
#.....#....# ......+ .
#.....#....######+##...... .


You could see 4 skeletal warriors.

Vanquished Creatures
  Grinder (D:5)
  A wyvern (D:6)
  2 sky beasts
  2 ogres (D:6)
  Blork the orc (D:5)
  A wyvern zombie (D:7)
  2 scorpions
  A giant frog zombie (D:5)
  2 crimson imps
  3 hounds
  A giant frog skeleton (D:6)
  6 orc priests
  A jelly (D:5)
  4 worker ants
  4 orc wizards
  7 gnolls
  4 adders
  A shadow imp (D:5)
  2 oozes
  3 worms
  An adder skeleton (D:6)
  5 giant geckos
  12 orcs
  6 giant cockroaches
  7 hobgoblins
  7 kobolds
  2 ball python skeletons
  8 bats
  5 giant newts
  6 goblins
  6 jackals
  4 quokkas
  A quokka zombie (D:6)
  4 rats
123 creatures vanquished.

Notes
Turn   | Place    | Note
--------------------------------------------------------------
     0 | D:1      | Kuldar the Troll Berserker began the quest for the Orb.
     0 | D:1      | Reached XP level 1. HP: 22/22 MP: 0/0
   143 | D:1      | Reached XP level 2. HP: 29/29 MP: 1/1
   492 | D:1      | Acquired Trog's second power
   803 | D:2      | Found a faded altar to an unknown god.
   823 | D:2      | Reached XP level 3. HP: 34/37 MP: 2/2
   951 | D:2      | Reached XP level 4. HP: 45/45 MP: 3/3
  1622 | D:3      | Noticed a sky beast
  1641 | D:3      | Killed a sky beast
  1641 | D:3      | Reached skill level 4 in Dodging
  1641 | D:3      | Reached XP level 5. HP: 21/54 MP: 4/4
  1800 | D:3      | Reached XP level 6. HP: 16/62 MP: 5/5
  2459 | D:4      | Reached skill level 5 in Dodging
  2524 | D:4      | Reached XP level 7. HP: 67/71 MP: 6/6
  2957 | D:4      | Found a radiant altar of Vehumet.
  3155 | D:5      | Entered Level 5 of the Dungeon
  3155 | D:5      | Noticed Grinder
  3159 | D:5      | Noticed Blork the orc
  3164 | D:5      | Killed Blork the orc
  3164 | D:5      | Reached skill level 5 in Fighting
  3167 | D:5      | Killed Grinder
  3265 | D:5      | Reached skill level 6 in Dodging
  3301 | D:5      | Acquired Trog's third power
  3370 | D:5      | Reached XP level 8. HP: 63/83 MP: 7/7
  3420 | D:5      | Found Gesiywk's Book Shop.
  3559 | D:5      | Found a staircase to the Ecumenical Temple.
  4365 | D:6      | Reached skill level 7 in Dodging
  4774 | D:7      | Found an iron altar of Okawaru.
  4813 | D:7      | Noticed a skeletal warrior
  4813 | D:7      | Noticed a skeletal warrior
  4814 | D:7      | Noticed a skeletal warrior
  4825 | D:7      | Noticed a skeletal warrior
  4864 | D:7      | Mangled by a skeletal warrior

Vault maps used:
D:1:      lightli_arrival_noodles
D:2:      ecumenical_altar_1
D:4:      fiery_altar_vehumet, first_bread
D:5:      wad_pebble_path, temple_hall, serial_shops, shop_statue,
          kennysheep_small_circle, uniq_grinder, uniq_blork_the_orc
D:6:      wad_floor_pattern_untrapped, minmay_bad_closet
D:7:      makhleb_heckhound_becter, lemuel_crystal_altar, lemuel_crystal_altar,
          basic_altar, tgw_sif

Action                   |  1- 3 |  4- 6 |  7- 9 || total
-------------------------+-------+-------+-------++-------
Melee: Unarmed           |    82 |   188 |   179 ||   449
Invok: Berserk           |       |     2 |       ||     2
       Trog's Hand       |       |       |     1 ||     1
       Brothers in Arms  |       |       |     1 ||     1
 Stab: Sleeping          |       |     1 |       ||     1
  Eat: Chunk             |    14 |    13 |    22 ||    49
